 Dungeon Crawl Stone Soup version 0.30.0-19-g36f170ea60 (webtiles) character file.

Game seed: 10028137433995901295

1942 Irreverend the Ducker (level 9, -3/67 HPs)
             Began as a Djinni Fire Elementalist on June 2, 2023.
             Slain by an ogre
             ... wielding a +0 giant club
              (21 damage)
             ... on level 6 of the Dungeon.
             The game lasted 00:06:57 (5764 turns).

Irreverend the Ducker (Djinni Fire Elementalist)    Turns: 5764, Time: 00:06:57

Health: -3/67      AC:  7    Str:  7    XL:     9   Next: 41%
Gold:   282        EV: 15    Int: 22    God:
                   SH:  0    Dex: 13

rFire   + + .        (no weapon)
rCold   x . .        (no shield)
rNeg    . . .        a - +0 robe
rPois   ∞            (no helmet)
rElec   .            (no cloak)
rCorr   .            y - +0 pair of gloves
SInv    .            (boots unavailable)
Will    .....        (no amulet)
Stlth   ++           p - +4 ring of protection
HPRegen 0.31/turn    (no ring)
MPRegen 0.00/turn

%: infuse magic (-4 HP)
@: flying, studying Polearms
A: sickness immunity, fire resistance 2, cold vulnerability 1, float, innate
caster, HP casting, extra vitality 1
a: no special abilities


You were on level 6 of the Dungeon.
You visited 1 branch of the dungeon, and saw 6 of its levels.

You collected 282 gold pieces.

Inventory:

Armour
 a - a +0 robe (worn)
 y - a +0 pair of gloves (worn)
Jewellery
 p - a +4 ring of protection (left hand)
 A - a ring of willpower
Wands
 n - a wand of flame (13)
Scrolls
 e - a scroll of noise {unknown}
 h - 2 scrolls of blinking {unknown}
 i - a scroll of brand weapon {unknown}
 l - 4 scrolls of enchant weapon {unknown}
 o - 2 scrolls of poison {unknown}
 r - 7 scrolls of identify {unknown}
 s - a scroll of summoning {unknown}
 u - 3 scrolls of vulnerability {unknown}
 w - 3 scrolls of teleportation {unknown}
 x - a scroll of immolation {unknown}
 z - a scroll of magic mapping {unknown}
 B - 2 scrolls of fog {unknown}
Potions
 b - 5 potions of haste {unknown}
 c - 5 potions of mutation {unknown}
 d - 2 potions of magic {unknown}
 f - a potion of curing {unknown}
 g - a potion of resistance {unknown}
 j - 2 potions of invisibility {unknown}
 k - 2 potions of heal wounds {unknown}
 m - 2 potions of lignification {unknown}
 q - a potion of attraction {unknown}
 t - a potion of flight {unknown}
 v - 2 potions of degeneration {unknown}
 C - a potion of might {unknown}
 D - a potion of ambrosia {unknown}


   Skills:
 + Level 6.6 Fighting
 + Level 7.7 Dodging
 - Level 1.5 Stealth
 + Level 5.7 Spellcasting


You knew the following spells:

 Your Spells              Type           Power      Damage    Failure   Level
a - Foxfire               Conj/Fire      100%       2x1d9     1%          1
b - Scorch                Fire           62%        2d8       1%          2
c - Volatile Blastmotes   Fire/Tloc      62%        2d15      2%          3
d - Inner Flame           Hex/Fire       31%        N/A       2%          3
e - Flame Wave            Conj/Fire      31%        2d9       9%          4
f - Summon Small Mammal   Summ           100%       N/A       1%          1
g - Blink                 Tloc           62%        N/A       1%          2
h - Dazzling Flash        Conj/Hex       62%        N/A       2%          3
i - Airstrike             Air            15%        2d(3-19)  9%          4
Your spell library was empty.

Dungeon Overview and Level Annotations

Branches:
Dungeon (6/15)
 Temple: D:4-7

Altars:
Cheibriados
Gozag
Hepliaklqana
Okawaru
Qazlal

Shops:
D:5 (

Annotations:
D:6 Dowan, Prince Ribbit


Innate Abilities, Weirdness & Mutations

You are immune to sickness and miasma.
You are immune to poison.
Your flesh is very heat resistant. (rF++)
You are vulnerable to cold. (rC-)
You float through the air rather than walking.
You learn spells naturally, not from books.
Your magical power is your life essence.
You have superior vitality. (+4 MHP)


Message History

You are knocked back by the blast.
Casting: Volatile Blastmotes (dangerous; 2% risk of failure)
Confirm with . or Enter, or press ? or * to list all spells.
Aiming: Inner Flame (dangerous; 2% risk of failure)
Press: ? - help, Dir - move target, f - ogre
Aim: an ogre, wielding a +0 giant club (chance to affect: 84%)
Okay, then.
Casting: Inner Flame (dangerous; 2% risk of failure)
Confirm with . or Enter, or press ? or * to list all spells.
A cloud of volatile blastmotes flares up around you!
Dowan mumbles some strange words.
Dowan blinks!
The cloud of blastmotes explodes!
The concussive blast engulfs the ogre!!
The ogre is almost dead.
You hear a croak.
Casting: Volatile Blastmotes (dangerous; 2% risk of failure)
Confirm with . or Enter, or press ? or * to list all spells.
A cloud of volatile blastmotes flares up around you!
The ogre attacks as you move away! The ogre barely misses you.
The cloud of blastmotes explodes!
The concussive blast engulfs the ogre.
The ogre is almost dead.
Dowan mumbles some strange words.
Dowan blinks!
Casting: Volatile Blastmotes (dangerous; 2% risk of failure)
Confirm with . or Enter, or press ? or * to list all spells.
Casting: Dazzling Flash (dangerous; 2% risk of failure)
Press: ? - help, Dir - look around, f - activate Dowan is dazzled.
The ogre is dazzled.
Dowan hits you but does no damage.
Dowan points at you and mumbles some strange words.
The stone arrow hits you!
Prince Ribbit comes into view.
The ogre misses you.
Dowan points at you and mumbles some strange words.
The stone arrow hits you!
* * * LOW HITPOINT WARNING * * *
Prince Ribbit croaks.
You hear an angry hiss.
Dowan gestures at you while chanting. The stone arrow misses you.
The ogre hits you with a +0 giant club!!
You die...

#.#.### #.>...# ...
#####.# ... #)# #F# #.#
#.# #.# #.#
##.#######.##
#...##......##
#...##.....@.##
####...#.....Oe..##
#..........##...#.####.#
#..........#...........#
#.........###..##.######
####...#.####..#.##
#...#........##
#...######.### ##### #)#


You could see Prince Ribbit, an ogre (blind) and Dowan (fast, blind).

Vanquished Creatures
  Maggie (D:6)
  Sigmund (D:5)
  Edmund (D:5)
  Duvessa (D:6)
  An ice beast (D:6)
  A sky beast (D:6)
  An ogre (D:6)
  A phantom (D:5)
  2 scorpions
  5 wights (D:6)
  A gnoll bouda (D:6)
  4 hounds
  An orc priest (D:4)
  2 jellies
  2 iguanas
  2 orc wizards
  5 gnolls (D:6)
  6 adders
  A white imp (D:5)
  2 ufetubi
  2 worms
  25 orcs
  A bat (D:1)
  6 endoplasms
  3 giant cockroaches
  8 goblins
  4 hobgoblins
  7 jackals (D:1)
  3 quokkas
  6 ball pythons
  7 frilled lizards
  5 kobolds
  6 rats
124 creatures vanquished.

Vanquished Creatures (collateral kills)
  A foxfire (D:1)
1 creature vanquished.

Vanquished Creatures (others)
  697 foxfires
697 creatures vanquished.

Grand Total: 822 creatures vanquished

Notes
Turn   | Place    | Note
-------+----------+-------------------------------------------
     0 | D:1      | Irreverend the Djinni Fire Elementalist began the quest for
                  | the Orb.
     0 | D:1      | Irreverend set off with the following spells memorised:
                  | Foxfire, Scorch, Volatile Blastmotes, Inner Flame, Flame
                  | Wave.
     0 | D:1      | Reached XP level 1. HP: 15/15 MP: 0/0
   236 | D:1      | Reached XP level 2. HP: 19/22 MP: 0/0
   272 | D:1      | Found a faded altar of an unknown god.
   577 | D:1      | Reached skill level 1 in Fighting
   746 | D:1      | Reached XP level 3. HP: 18/27 MP: 0/0
   746 | D:1      | Learned a level 1 spell: Summon Small Mammal
  1052 | D:2      | Reached skill level 3 in Dodging
  1269 | D:2      | Reached XP level 4. HP: 25/32 MP: 0/0
  1875 | D:3      | Identified the +0 chain mail of the Solstice {rPois rCorr
                  | Int-3 Slay+4}
  2048 | D:3      | Found a hazy altar of Hepliaklqana.
  2152 | D:3      | Found a snail-covered altar of Cheibriados.
  2386 | D:3      | Reached XP level 5. HP: 35/38 MP: 0/0
  2386 | D:3      | Learned a level 2 spell: Blink
  2577 | D:3      | Found an opulent altar of Gozag.
  3010 | D:4      | Reached skill level 4 in Dodging
  3082 | D:4      | Reached XP level 6. HP: 42/45 MP: 0/0
  4177 | D:5      | Entered Level 5 of the Dungeon
  4182 | D:5      | Reached XP level 7. HP: 47/50 MP: 0/0
  4182 | D:5      | Learned a level 3 spell: Dazzling Flash
  4215 | D:5      | Noticed Edmund
  4228 | D:5      | Killed Edmund
  4229 | D:5      | Reached skill level 5 in Dodging
  4450 | D:5      | Found a stormy altar of Qazlal.
  4500 | D:5      | Reached XP level 8. HP: 56/58 MP: 0/0
  4619 | D:5      | Noticed Sigmund
  4627 | D:5      | Killed Sigmund
  4628 | D:5      | Reached skill level 6 in Dodging
  4722 | D:5      | Found Pebage's Weapon Shoppe.
  4737 | D:5      | Found an iron altar of Okawaru.
  4778 | D:5      | Reached skill level 5 in Fighting
  5194 | D:6      | Reached skill level 5 in Spellcasting
  5421 | D:6      | Noticed Maggie
  5576 | D:6      | Killed Maggie
  5577 | D:6      | Reached skill level 7 in Dodging
  5577 | D:6      | Reached XP level 9. HP: 42/66 MP: 0/0
  5577 | D:6      | Learned a level 4 spell: Airstrike
  5740 | D:6      | Noticed Duvessa
  5746 | D:6      | Noticed Dowan
  5752 | D:6      | Killed Duvessa
  5763 | D:6      | Noticed Prince Ribbit
  5764 | D:6      | Slain by an ogre

Illustrated notes

Levels and vault maps discovered:
D:1:      onia_arrival_pentagram, layout_basic,
          shapermc_ecumenical_altar_rom_forum
D:2:      layout_rooms
D:3:      layout_loops_corners, slow_altar_1, overflow_temple_1_default,
          nicolae_gozag_cash_rules_everything_around_me,
          mainiacjoe_overflow_catwalk
D:4:      layout_layer_cave
D:5:      layout_rooms, okawaru_ov_weapons_minmay, grunt_qazlal_sundering,
          serial_shops, nicolae_diamond_shop, kennysheep_generic_room_2,
          uniq_edmund, uniq_sigmund
D:6:      layout_loops_corners, minmay_temple_entry_arrows, uniq_duvessa,
          uniq_maggie, uniq_prince_ribbit1

Skill      XL: |  1  2  3  4  5  6  7  8 |
---------------+-------------------------+-----
Fighting       | 1 2 3 4 6 |  6.6
Dodging        | 3 4 5 7 |  7.7
Spellcasting   | 3 4 5 |  5.7
Stealth        | |  1.5

Action                     |  1- 3 |  4- 6 |  7- 9 || total
---------------------------+-------+-------+-------++-------
   Cast: Foxfire           |   107 |   168 |   143 ||   418
         Scorch            |       |     6 |    25 ||    31
         Volatile Blastmot |       |       |     6 ||     6
         Inner Flame       |       |       |     3 ||     3
         Dazzling Flash    |       |       |     1 ||     1
 Armour: Robe              |       |     3 |     3 ||     6
  Dodge: Dodged            |       |     5 |    18 ||    23
